 Dungeon Sprint DCSS version 0.30-a0-347-gf58ed5266c (webtiles) character file.

Game seed: 1762675458980748034

958 rocky1 the Unseen (level 8, -3/51 HPs)
             Began as a Kobold Brigand on Nov 7, 2022.
             Was an Initiate of Gozag.
             Slain by a deep troll (9 damage)
             ... in the Dungeon (Sprint I: "Red Sonja").
             The game lasted 00:02:01 (549 turns).

rocky1 the Unseen (Kobold Brigand)                   Turns: 549, Time: 00:02:03

Health: -3/51      AC:  3    Str:  8    XL:     8   Next: 37%
Magic:  8/8        EV: 15    Int: 13    God:    Gozag
Gold:   700        SH:  0    Dex: 18    Spells: 7/7 levels left

rFire   . . .      SeeInvis .    a - +2 dagger
rCold   . . .      Faith    .    (no shield)
rNeg    . . .      Spirit   .    b - +0 robe
rPois   .          Reflect  .    (no helmet)
rElec   .          Harm     .    c - +0 cloak
rCorr   .          Rampage  .    (no gloves)
Will    .....      NoTele   +    (no boots)
Stlth   +++++++++.               (no amulet)
HPRegen 0.28/turn                (no ring)
MPRegen 0.11/turn                (no ring)

@: no status effects
A: small, no large weapons, nightstalker 3
a: Renounce Religion, Potion Petition, Call Merchant, Bribe Branch


You were in the Dungeon.
You worshipped Gozag.
Gozag was pleased with you.
You visited 1 branch You collected 700 gold pieces.

Inventory:

Hand Weapons
 a - a +2 dagger (weapon)
Missiles
 d - 9 poisoned darts
 e - 3 curare-tipped darts (quivered)
Armour
 b - a +0 robe (worn)
 c - a +0 cloak (worn)
Wands
 l - a wand of roots (10)
Scrolls
 k - a scroll of blinking
 n - a scroll of immolation {unknown}
Potions
 f - 3 potions of curing
 h - a potion of haste
 i - 2 potions of magic
 j - a potion of degeneration {unknown}
 m - a potion of might {unknown}
 o - a potion of mutation {unknown}


   Skills:
 + Level 5.8 Fighting
 + Level 8.5 Short Blades
 + Level 5.9 Throwing
 + Level 3.2 Dodging
 + Level 20.1 Stealth


You had 7 spell levels left.
You didn't know any spells.
Your spell library was empty.

Dungeon Overview and Level Annotations

Branches:
Dungeon (1/1)

Altars:
Cheibriados
Dithmenos
Elyvilon
Fedhas
Gozag
Hepliaklqana
Kikubaaqudgha
Nemelex Xobeh
Okawaru
Qazlal
Ru
Sif Muna
Trog
Uskayaw
Vehumet
Wu Jian
Yredelemnul
Zin
The Shining One

Shops:
D ?


Innate Abilities, Weirdness & Mutations

You are small and have problems with some larger weapons.
You are completely attuned to the shadows.


Message History

The deep troll bites you. The deep troll claws you!
* * * LOW HITPOINT WARNING * * *
The deep troll misses you.
You feel much better.
Unknown command.
Throw: 6 darts (curare)
Press: ? - help, Q - select action, (/) - cycle Shift-Dir - straight line, f/p - deep troll
Aim: a deep troll (moderately wounded, poisoned, slow, 65% to hit)
You throw a curare-tipped dart.
The curare-tipped dart barely misses the deep troll.
The deep troll misses you. x2; The deep troll claws you!
Throw: 5 darts (curare)
Press: ? - help, Q - select action, (/) - cycle Shift-Dir - straight line, f/p - deep troll
Aim: a deep troll (moderately wounded, poisoned, slow, 65% to hit)
You throw a curare-tipped dart.
The curare-tipped dart hits the deep troll.
The deep troll looks even sicker.
The deep troll convulses.
The deep troll seems to be slow for longer.
The deep troll is moderately wounded.
You hit the deep troll.
The deep troll is moderately wounded.
The deep troll closely misses you. The deep troll claws you!
* * * LOW HITPOINT WARNING * * *
The deep troll misses you.
You hit the deep troll.
The deep troll is heavily wounded.
Throw: 4 darts (curare)
Press: ? - help, Q - select action, (/) - cycle Shift-Dir - straight line, f/p - deep troll
Aim: a deep troll (heavily wounded, very poisoned, slow, 65% to hit)
You throw a curare-tipped dart.
The curare-tipped dart hits the deep troll.
The deep troll looks as sick as possible!
The deep troll convulses.
The deep troll seems to be slow for longer.
The deep troll is heavily wounded.
The deep troll bites you.
* * * LOW HITPOINT WARNING * * *
The deep troll closely misses you. The deep troll claws you!
You die...
Your body crumbles into a pile of gold.

#..#####'#####'#
$
#..####..#...#.#
$
#..#__####..##.#
$$
#..#_____##'#_.+
#⌠⌠#_.∩...'..._#
$$
####_..__##_.#'#
$$#_____###'#.# $
$
#########.####+##
$ +...'@T.$$ $
#.).###### $ $$
###.### $$
#.#'#.# $ $$
#.....# $ $$
#..[..# $ #######
$ $$ $ $ $


You could see a deep troll (extremely poisoned, slow).

Vanquished Creatures
  Sonja (D)
  Sigmund (D)
  A yak (D)
  An ogre (D)
  A jelly (D)
  Ijyb (D)
  A ballistomycete spore (D)
7 creatures vanquished.

Vanquished Creatures (others)
  A ballistomycete spore (D)
1 creature vanquished.

Grand Total: 8 creatures vanquished

Notes
Turn   | Place    | Note
-------+----------+-------------------------------------------
     0 | D        | rocky1 the Kobold Brigand began the quest for the Orb.
     0 | D        | Reached XP level 1. HP: 12/12 MP: 1/1
     4 | D        | Noticed Ijyb
     7 | D        | Killed Ijyb
     8 | D        | Reached skill level 8 in Stealth
     8 | D        | Reached XP level 2. HP: 18/18 MP: 2/2
     8 | D        | Reached XP level 3. HP: 22/22 MP: 3/3
   111 | D        | Noticed an ogre
   119 | D        | Killed an ogre
   120 | D        | Reached skill level 12 in Stealth
   120 | D        | Reached XP level 4. HP: 18/28 MP: 4/4
   120 | D        | Reached XP level 5. HP: 21/32 MP: 5/5
   192 | D        | Noticed Sigmund
   195 | D        | Killed Sigmund
   196 | D        | Reached skill level 15 in Stealth
   196 | D        | Reached XP level 6. HP: 39/39 MP: 6/6
   310 | D        | Found an ornate altar of the Wu Jian Council.
   311 | D        | Found a shimmering blue altar of Sif Muna.
   312 | D        | Found a radiant altar of Vehumet.
   345 | D        | Found a hazy altar of Hepliaklqana.
   345 | D        | Found a stormy altar of Qazlal.
   345 | D        | Found a hide-covered altar of Uskayaw.
   345 | D        | Found a blossoming altar of Fedhas.
   345 | D        | Noticed a yak
   346 | D        | Found Afutetac's Magic Scroll Emporium.
   346 | D        | Found a bloodstained altar of Trog.
   346 | D        | Found an opulent altar of Gozag.
   346 | D        | Found a snail-covered altar of Cheibriados.
   347 | D        | Killed a yak
   348 | D        | Reached skill level 5 in Throwing
   348 | D        | Reached skill level 17 in Stealth
   348 | D        | Reached XP level 7. HP: 44/44 MP: 7/7
   348 | D        | Found an iron altar of Okawaru.
   348 | D        | Found a sparkling altar of Nemelex Xobeh.
   348 | D        | Found a sacrificial altar of Ru.
   348 | D        | Found a glowing silver altar of Zin.
   349 | D        | Found an ancient bone altar of Kikubaaqudgha.
   349 | D        | Found a basalt altar of Yredelemnul.
   349 | D        | Found a glowing golden altar of the Shining One.
   349 | D        | Found a shadowy altar of Dithmenos.
   349 | D        | Found a white marble altar of Elyvilon.
   353 | D        | Became a worshipper of Gozag Ym Sagoz the Greedy
   427 | D        | Noticed Sonja
   431 | D        | Killed Sonja
   432 | D        | Reached skill level 5 in Fighting
   432 | D        | Reached skill level 20 in Stealth
   432 | D        | Reached XP level 8. HP: 51/51 MP: 8/8
   533 | D        | Noticed a deep troll
   549 | D        | Slain by a deep troll

Illustrated notes

Levels and vault maps discovered:
D:        dungeon_sprint_1 [red_sonja_temple_1, red_sonja_temple_small_1]

Skill      XL: |  1  2  3  4  5  6  7 |
---------------+----------------------+-----
Short Blades   | 3 4 6 7 8 |  8.5
Stealth        | 8 12 15 17 20 | 20.1
Fighting       | 3 4 5 |  5.8
Throwing       | 3 4 5 |  5.9
Dodging        | 2 3 |  3.2

Action                   |  1- 3 |  4- 6 |  7- 9 || total
-------------------------+-------+-------+-------++-------
Melee: Dagger            |     7 |     3 |    11 ||    21
Throw: Dart              |       |       |     5 ||     5
  Use: Potion            |     1 |       |     1 ||     2
 Stab: Sleeping          |     1 |     3 |     2 ||     6
Dodge: Dodged            |     3 |       |     9 ||    12

Table legend: (Time is in decaauts)
 A = Elapsed time spent in this place.
 B = Non-inter-level travel time spent in this place.
 C = Inter-level travel time spent in this place.
 D = Time resting spent in this place.
 E = Time spent auto-exploring this place.
 F = Levels seen in this place.
 G = Mean time per level.
                   A        B        C        D        E       F      G
               +--------+--------+--------+--------+--------+-----+--------+
         Total |    553 |    501 |     52 |    312 |      0 |   1 |  553.0 |
       Dungeon |    553 |    501 |     52 |    312 |      0 |   1 |  553.0 |
               +--------+--------+--------+--------+--------+-----+--------+

Top non-repeatable levels by time:
       D: 553 daAuts
